 Dungeon Sprint DCSS version 0.28.0-43-g3370ac3207 (webtiles) character file.

Game seed: 15596295385111643581

1200000 smarlow the Imperceptible (level 11, -21/47 HPs)
             Began as a Spriggan Enchanter on Mar 3, 2022.
             Was an Initiate of Makhleb.
             Demolished by a meat berserker
             ... wielding a +9 battleaxe
              (68 damage)
             ... in the Dungeon (Sprint VIII: "Arena of Blood").
             The game lasted 00:00:17 (12 turns).

smarlow the Imperceptible (Spriggan Enchanter)        Turns: 12, Time: 00:00:18

Health: -21/47     AC:  2    Str:  6    XL:     11   Next: 78%
Magic:  6/30       EV: 27    Int: 17    God:    Makhleb [......]
Gold:   0          SH:  0    Dex: 18    Spells: 39/39 levels left

rFire   . . .      SeeInvis +   j - +∞ Axe of Woe
rCold   . . .      Faith    .   (shield currently unavailable)
rNeg    . . .      Spirit   .   b - +0 robe
rPois   .          Reflect  .   (helmet restricted)
rElec   .          Harm     .   (no cloak)
rCorr   .          Rampage  .   (gloves unavailable)
Will    +....      NoTele   +   (boots unavailable)
Stlth   +++++++++.              (no amulet)
HPRegen 0.15/turn               (no ring)
MPRegen 0.22/turn               (no ring)

@: very quick
A: very small, no large weapons, unfitting armour, see invisible, speed 3
a: Renounce Religion


You were in the Dungeon.
You worshipped Makhleb.
Makhleb was noncommittal.
You visited 1 branch

Inventory:

Hand Weapons
 a - a +1 dagger
 j - the +∞ Axe of Woe (weapon)
   (You found it in the Dungeon)
Armour
 b - a +0 robe (worn)
Jewellery
 k - a +30 ring of slaying
Scrolls
 i - a scroll of blinking
Potions
 c - a potion of invisibility
 d - a potion of curing
 e - a potion of heal wounds
 f - a potion of haste
 g - 2 potions of magic
 h - a potion of berserk rage


   Skills:
 + Level 3.4 Short Blades
 + Level 4.2 Axes
 + Level 12.9 Dodging
 + Level 24.2 Stealth
 + Level 14.7 Spellcasting
 + Level 22.4 Hexes


You had 39 spell levels left.
You didn't know any spells.
Your spell library contained the following spells:

 Spells                   Type           Power      Damage    Failure   Level
 Confusing Touch          Hex            73%        N/A       0%          3
 Tukima's Dance           Hex            73%        N/A       0%          3
 Ensorcelled Hibernation  Hex/Ice        100%       N/A       1%          2
 Dazzling Flash           Conj/Hex       100%       N/A       1%          3


Dungeon Overview and Level Annotations

Branches:
Dungeon (1/1)

Altars:
Makhleb


Innate Abilities, Weirdness & Mutations

You are very small and have problems with some larger weapons.
You are too small for most types of armour.
You have supernaturally acute eyesight. (SInv)
You cover ground extremely quickly. (Speed+++)


Message History

You have reached level 10!
You feel agile.
You have reached level 11!
Unknown command.
Unknown command.
You hear a shout! x2
k - a +30 ring of slaying
Things that are here:
a +9 battleaxe; a meat berserker corpse You hear a shout! x5
A bag of meat comes into view. It is wielding a +9 war axe.
You hear a shout! x2
There is a burning altar of Makhleb here.
You kneel at the altar of Makhleb.
Makhleb welcomes you!
The bag of meat appears out of thin air!
A bag of meat comes into view. It is wielding a +9 war axe.
You hear a shout! x7
The meat berserker appears out of thin air!
A meat berserker comes into view. It is wielding a +9 battleaxe.
You hear a shout! x4
You hear a shout! x4
You hear a shout! x6
You hear a shout! x9
A bag of meat and a meat berserker come into view.
The bag of meat shouts!
You hear a shout! x5
A meat berserker comes into view. It is wielding a +9 battleaxe.
You hear a shout!
The meat berserker moves out of view.
You hear a shout!
A large bag of meat comes into view. It is wielding a +9 giant spiked club.
The large bag of meat shouts in stereo!
The bag of meat shouts!
You hear a shout! x7
A bag of meat comes into view. It is wielding a +9 war axe.
You hear a shout! x3; You hear two shouts!
You hear a shout! x2
A large bag of meat and 4 bags of meat come into view.
You hear a shout!
The meat berserker hits you with a +9 battleaxe!!!
Ouch! That really hurt!
You die... oooo...

O. .####Oo...##.##.
#................
#..o......O#.#..
#............o..
#.....o........
...#.............
.......@.........
......O..........
.......#.......#
.#.....#.......#
.....###.......###.
o.........###......
..#.....o.._.......
#.......#..O..#....
......#_.<._# . .


You could see 2 large bags of meat, 3 meat berserkers and 10 bags of meat.

Vanquished Creatures
  An ogre (D)
1 creature vanquished.

Notes
Turn   | Place    | Note
-------+----------+-------------------------------------------
     0 | D        | Found the +∞ Axe of Woe
     0 | D        | smarlow the Spriggan Enchanter began the quest for the Orb.
     0 | D        | Reached XP level 1. HP: 9/9 MP: 5/5
     1 | D        | Noticed a meat berserker
     1 | D        | Killed a meat berserker
     1 | D        | Noticed a bag of meat
     1 | D        | Noticed a bag of meat
     1 | D        | Noticed a bag of meat
     1 | D        | Noticed a bag of meat
     2 | D        | Reached skill level 24 in Stealth
     2 | D        | Reached XP level 2. HP: 13/13 MP: 5/18
     2 | D        | Reached XP level 3. HP: 16/16 MP: 5/20
     2 | D        | Reached XP level 4. HP: 21/21 MP: 5/21
     2 | D        | Reached XP level 5. HP: 24/24 MP: 5/23
     2 | D        | Reached XP level 6. HP: 28/28 MP: 5/24
     2 | D        | Reached XP level 7. HP: 32/32 MP: 5/26
     2 | D        | Reached XP level 8. HP: 36/36 MP: 5/27
     2 | D        | Reached XP level 9. HP: 39/39 MP: 5/28
     2 | D        | Reached XP level 10. HP: 44/44 MP: 5/29
     2 | D        | Reached XP level 11. HP: 47/47 MP: 5/30
     3 | D        | Noticed a bag of meat
     5 | D        | Became a worshipper of Makhleb the Destroyer
     6 | D        | Noticed a bag of meat
     7 | D        | Noticed a meat berserker
    10 | D        | Noticed a bag of meat
    10 | D        | Noticed a meat berserker
    10 | D        | Noticed a meat berserker
    11 | D        | Noticed a large bag of meat
    11 | D        | Noticed a bag of meat
    12 | D        | Noticed a bag of meat
    12 | D        | Noticed a large bag of meat
    12 | D        | Noticed a bag of meat
    12 | D        | Noticed a bag of meat
    12 | D        | Noticed a bag of meat
    12 | D        | Demolished by a meat berserker

Illustrated notes

Levels and vault maps discovered:
D:        meatsprint

Skill      XL: |  1 |
---------------+----+-----
Short Blades   | 3 |  3.4
Axes           | 4 |  4.2
Dodging        | 12 | 12.9
Stealth        | 24 | 24.2
Spellcasting   | 14 | 14.7
Hexes          | 22 | 22.4

Action                   |  1- 3 |  4- 6 |  7- 9 | 10-12 || total
-------------------------+-------+-------+-------+-------++-------
Melee: Broad axe         |     1 |       |       |       ||     1
